 Dungeon Crawl Stone Soup version 0.23.2-1-ga50397a (webtiles) character file.

Game seed: 9011337236898435334

100 IBeShadow the Firebug (level 4, -10/24 HPs)
             Began as a Deep Elf Fire Elementalist on May 30, 2019.
             Was an Initiate of Vehumet.
             Killed by divine providence
             ... invoked by an orc priest
              (16 damage)
             ... on level 3 of the Dungeon.
             The game lasted 00:04:59 (4131 turns).

IBeShadow the Firebug (Deep Elf Fire Elementalist)  Turns: 4131, Time: 00:05:00

Health: -10/24     AC:  3    Str:  5    XL:     4   Next: 47%
Magic:  9/10       EV: 13    Int: 21    God:    Vehumet [......]
Gold:   146        SH:  0    Dex: 15    Spells: 3/9 levels left

rFire    . . .     SeeInvis .   o - +1 dagger (freeze)
rCold    . . .     Gourm    .   (no shield)
rNeg     . . .     Faith    .   a - +0 robe
rPois    .         Spirit   .   (no helmet)
rElec    .         Reflect  .   (no cloak)
rCorr    .         Harm     .   (no gloves)
MR       .....                  m - +0 pair of boots
Stlth    ++........             h - amulet of the acrobat
HPRegen  0.08/turn              (no ring)
MPRegen  0.12/turn              (no ring)

@: very slightly contaminated
A: no striking features
a: Renounce Religion


You were on level 3 of the Dungeon.
You worshipped Vehumet.
Vehumet was noncommittal.
You were not hungry.

You visited 1 branch of the dungeon, and saw 4 of its levels.

You collected 146 gold pieces.

Inventory:

Hand Weapons
 o - a +1 dagger of freezing (weapon)
Armour
 a - a +0 robe (worn)
 m - a +0 pair of boots (worn)
Jewellery
 h - an amulet of the acrobat (around neck)
Scrolls
 b - 2 scrolls of remove curse {unknown}
 d - 2 scrolls of noise {unknown}
 e - a scroll of amnesia {unknown}
 g - 4 scrolls of identify {unknown}
 j - a scroll of fear {unknown}
 k - a scroll of magic mapping {unknown}
 l - 2 scrolls of teleportation {unknown}
 p - 3 scrolls of enchant weapon {unknown}
Potions
 f - a potion of heal wounds {unknown}
 i - 2 potions of flight {unknown}
Comestibles
 c - 5 rations


   Skills:
 - Level 2.4 Dodging
 + Level 3.5 Stealth
 - Level 3.0 Spellcasting
 * Level 3.1 Conjurations
 * Level 4.4 Fire Magic


You had 3 spell levels left.
You knew the following spells:

 Your Spells              Type           Power        Failure   Level  Hunger
a - Flame Tongue          Conj/Fire      ###..        2%          1    None
b - Throw Flame           Conj/Fire      ###...       4%          2    ##.....
c - Conjure Flame         Conj/Fire      ###.....     9%          3    ###....

Your spell library contained the following spells:

 Spells                   Type           Power        Failure   Level  Hunger
 Inner Flame              Hex/Fire       ##......     16%         3    ###....
 Sticky Flame             Conj/Fire      ###.....     28%         4    ####...
 Fireball                 Conj/Fire      ###.......   61%         5    ######.


Dungeon Overview and Level Annotations

Branches:
Dungeon (4/15)
 Temple: D:4-7

Altars:
Makhleb
Vehumet
Zin

Annotations:
D:3 3 runed translucent doors, seaofthunder's ghost, novice HOFi


Message History

You feel less wooden.
Your +0 pair of boots unmelds from your body.
Your +0 robe unmelds from your body.
The orc wizard hits you with a +0 dagger.
The orc priest miscasts a cantrip.
The orc wizard hits you with a +0 dagger.
The orc hits you.
* * * LOW HITPOINT WARNING * * *
Casting: Throw Flame (safe; 4% risk of failure)
Confirm with . or Enter, or press ? or * to list all spells.
Aiming: Flame Tongue (safe; 2% risk of failure)
Press: ? - help, Shift-Dir - straight line, f - orc priest
Aim: an orc priest, wielding a +0 flail and wearing a +0 leather armour (almost dead)
You miscast Flame Tongue.
You are very lightly contaminated with residual magic.
Nothing appears to happen.
The orc wizard closely misses you.
The orc priest calls down the wrath of Beogh upon you.
Beogh smites you!
Ouch! That really hurt!
You die...

###....####....##
###...(##.##..#
###....รท###.. #######
#.#..###### #.....#
#........## #.....#
###..###... #.....#
####......#. #...oo#
#.......#.#. #...o@#
#.......#... #.....#
#.......###. #.....#
#.......####
###.###.#######......##
#...#......###........##
#.###.......)..........#
#.# ###.#####......(....
#.# #.# #..........# #.#
#.# #...........


You could see an orc priest, an orc wizard and an orc.

Vanquished Creatures
  Natasha (D:2)
  3 worms (D:2)
  2 dart slugs (D:2)
  5 leopard geckos
  5 orcs
  A ball python (D:2)
  4 giant cockroaches
  6 goblins
  7 hobgoblins
  A jackal (D:2)
  A quokka (D:2)
  2 bats
  4 frilled lizards
  2 kobolds
  10 rats
54 creatures vanquished.

Notes
Turn   | Place    | Note
-------+----------+-------------------------------------------
     0 | D:1      | IBeShadow the Deep Elf Fire Elementalist began the quest
                  | for the Orb.
     0 | D:1      | Reached XP level 1. HP: 10/10 MP: 6/6
   414 | D:1      | Reached XP level 2. HP: 15/15 MP: 2/8
  1571 | D:2      | Learned a level 2 spell: Throw Flame
  1583 | D:2      | Reached XP level 3. HP: 11/19 MP: 3/9
  2108 | D:2      | Reached skill level 4 in Fire Magic
  2906 | D:2      | Noticed Natasha
  2914 | D:2      | Killed Natasha
  2914 | D:2      | Reached XP level 4. HP: 14/24 MP: 10/10
  3255 | D:2      | Learned a level 3 spell: Conjure Flame
  3467 | D:3      | Found a radiant altar of Vehumet.
  3531 | D:3      | Became a worshipper of Vehumet
  3858 | D:3      | Found a glowing silver altar of Zin.
  3858 | D:3      | Found a burning altar of Makhleb.
  3859 | D:3      | Noticed a balrug
  3859 | D:3      | Noticed an angel
  4017 | D:3      | Found a runed translucent gate.
  4018 | D:3      | Found a runed translucent gate.
  4019 | D:3      | Found a runed translucent gate.
  4021 | D:3      | Noticed seaofthunder's ghost (novice HOFi)
  4131 | D:3      | Killed from afar by an orc priest

Skill      XL: |  1  2  3  4 |
---------------+-------------+-----
Conjurations   | 2 3 |  3.1
Stealth        | 3 |  3.5
Fire Magic     | 4 |  4.4
Dodging        | |  2.4
Spellcasting   | |  3.0

Action                   |  1- 3 |  4- 6 || total
-------------------------+-------+-------++-------
Melee: Unarmed           |    25 |       ||    25
       Dagger            |   110 |    45 ||   155
 Cast: Flame Tongue      |    21 |     2 ||    23
       Throw Flame       |    11 |    12 ||    23
  Use: Potion            |     5 |     1 ||     6
 Stab: Sleeping          |     6 |     1 ||     7
  Eat: Chunk             |     7 |     4 ||    11
Armor: Robe              |    23 |     4 ||    27
       Skin              |    10 |    47 ||    57
Dodge: Dodged            |   108 |    18 ||   126
